 Dungeon Crawl Stone Soup version 0.28.0-47-ge53b351184 (webtiles) character file.

Game seed: 15757013543594064733

142 pkoi the Charlatan (level 4, -6/35 HPs)
             Began as a Demigod Artificer on May 3, 2022.
             Mangled by an orc
             ... wielding a +1 flail of protection
              (9 damage)
             ... on level 4 of the Dungeon.
             The game lasted 00:04:51 (5473 turns).

pkoi the Charlatan (Demigod Artificer)              Turns: 5473, Time: 00:04:51

Health: -6/35      AC:  9    Str: 13    XL:     4   Next: 74%
Magic:  6/6        EV:  6    Int: 17    God:
Gold:   201        SH:  0    Dex: 14    Spells: 3/3 levels left

rFire   . . .      SeeInvis .   v - +1 trident (vorpal)
rCold   . . .      Faith    .   (no shield)
rNeg    . . .      Spirit   .   f - +0 chain mail
rPois   .          Reflect  .   (no helmet)
rElec   .          Harm     .   (no cloak)
rCorr   +          Rampage  .   x - +0 pair of gloves
Will    .....                   (no boots)
Stlth   ..........              (no amulet)
HPRegen 0.11/turn               p - ring of flight
MPRegen 0.10/turn               j - ring of resist corrosion

@: flying
A: high MP 1, forlorn, divine attributes
a: no special abilities


You were on level 4 of the Dungeon.
You visited 1 branch of the dungeon, and saw 4 of its levels.

You collected 201 gold pieces.

Inventory:

Hand Weapons
 a - a +0 club
 g - a +0 dagger
 h - a +0 rapier
 i - a +0 hunting sling
 n - a +0 morningstar
 q - a +2 war axe of electrocution
 v - a +1 vorpal trident (weapon)
Missiles
 l - 2 throwing nets
Armour
 b - a +0 leather armour
 f - a +0 chain mail (worn)
 r - a +1 ring mail
 x - a +0 pair of gloves (worn)
Jewellery
 j - a ring of resist corrosion (right hand)
 p - a ring of flight (left hand)
 s - a ring of fire
Wands
 c - a wand of flame (12) (quivered)
 d - a wand of charming (15)
Scrolls
 k - a scroll of teleportation
 o - a scroll of identify
Potions
 m - 3 potions of curing
 t - a potion of ambrosia
 u - 2 potions of heal wounds {unknown}
 z - a potion of degeneration {unknown}
Miscellaneous
 e - a piece from Xom's chessboard (15/15)


   Skills:
 + Level 1.4 Fighting
 + Level 2.1 Armour
 + Level 1.4 Dodging
 - Level 0.8 Stealth
 * Level 2.5 Unarmed Combat
 * Level 3.7 Evocations


You had 3 spell levels left.
You didn't know any spells.
Your spell library contained the following spells:

 Spells                   Type           Power      Damage    Failure   Level
 Slow                     Hex            0%         N/A       100%        1
 Confusing Touch          Hex            0%         N/A       100%        3
 Vampiric Draining        Necr           0%         2d6       100%        3


Dungeon Overview and Level Annotations

Branches:
Dungeon (4/15)
 Temple: D:4-7


Innate Abilities, Weirdness & Mutations

You have an increased reservoir of magic. (+10% MP)
You shall have no god before yourself.
Your divine heritage dramatically boosts your attributes as you level up.


Message History

There is a stone staircase leading down here.
You fly downwards.
There is a stone staircase leading up here.
Unknown command.
Unknown command.
An orc is nearby!
You hit the orc but do no damage.
The orc hits you with a +1 dagger of freezing.
The orc freezes you.
You closely miss the orc. The orc barely misses you.
You hit the orc.
You kill the orc!
Things that are here:
a +1 dagger of freezing; a +0 ring mail The orc shouts!
The orc hits you with a +1 flail of protection!
* * * LOW HITPOINT WARNING * * *
Things that are here:
a +1 dagger of freezing; a +0 ring mail You hit the orc but do no damage.
The orc hits you with a +1 flail of protection!
* * * LOW HITPOINT WARNING * * *
The orc hits you with a +1 flail of protection!
* * * LOW HITPOINT WARNING * * *
You hit the orc but do no damage. The orc completely misses you.
You hit the orc.
The orc is heavily wounded.
The orc hits you but does no damage.
Unknown command.
You closely miss the orc.
The orc is heavily wounded.
The orc hits you with a +1 flail of protection.
* * * LOW HITPOINT WARNING * * *
A phantom comes into view.
The orc hits you with a +1 flail of protection.
* * * LOW HITPOINT WARNING * * *
You hit the orc but do no damage.
The orc is heavily wounded.
The orc hits you with a +1 flail of protection!
You die...

#.................. .
#...o......o.... ..
######....W......#.o## ...
#.........).....##...## ....
#....#..........##..ol<
.....##..###.................
#..##.......## ###..........#....
#..##....##..####o.........##†...
....##..##......@o##......###....
........####.#..####......# #..##
........####.#..# ##....§##...#
..........#..#.#####....§§§##!..
..................##..#.#§§§##..
..............##..#..##.##§§# ##.
..#..........###..##.....##§#
..###...<....# #..##...... §# ###
#......>(###.##....#.##..


You could see a phantom and 2 orcs.

Vanquished Creatures
  A howler monkey (D:4)
  A hound skeleton (D:4)
  3 adders
  An adder skeleton (D:4)
  2 dart slugs
  6 orcs
  5 bats
  7 endoplasms
  2 giant cockroaches (D:2)
  3 goblins
  5 hobgoblins
  2 jackals
  A quokka (D:4)
  3 ball pythons
  2 frilled lizards
  5 kobolds
  3 rats
52 creatures vanquished.

Notes
Turn   | Place    | Note
-------+----------+-------------------------------------------
     0 | D:1      | pkoi the Demigod Artificer began the quest for the Orb.
     0 | D:1      | Reached XP level 1. HP: 15/15 MP: 3/3
   554 | D:1      | Reached skill level 3 in Evocations
  1369 | D:1      | Reached XP level 2. HP: 21/22 MP: 4/4
  1642 | D:2      | Reached skill level 1 in Unarmed Combat
  3402 | D:2      | Reached XP level 3. HP: 9/27 MP: 5/5
  4459 | D:3      | Reached skill level 1 in Fighting
  4480 | D:3      | Reached skill level 1 in Dodging
  5124 | D:4      | Reached XP level 4. HP: 34/35 MP: 6/6
  5472 | D:4      | Noticed a phantom
  5473 | D:4      | Mangled by an orc

Illustrated notes

Levels and vault maps discovered:
D:1:      psy_arrival_radial01, layout_basic,
          chequers_ecumenical_altar_simple_redux, kennysheep_crisscross
D:2:      layout_loops_ring
D:3:      layout_loops_ring
D:4:      layout_cave_pools, dk_noncrumbling_2,
          hangedman_abyss_or_decor_stagger, uniq_duvessa

Skill      XL: |  1  2  3 |
---------------+----------+-----
Evocations     | 3 |  3.7
Unarmed Combat | 1 2 |  2.5
Fighting       | 1 |  1.4
Dodging        | 1 |  1.4
Armour         | 2 |  2.1
Stealth        | |  0.8

Action                   |  1- 3 |  4- 6 || total
-------------------------+-------+-------++-------
Melee: Dagger            |   179 |       ||   179
       Club              |    12 |       ||    12
       Punch             |     7 |       ||     7
       Rapier            |    19 |       ||    19
       Trident           |    15 |    38 ||    53
Evoke: Wand              |     3 |       ||     3
  Use: Scroll            |     4 |     3 ||     7
       Potion            |     2 |       ||     2
Armor: Leather armour    |    29 |       ||    29
       Ring mail         |    59 |       ||    59
       Chain mail        |    28 |    19 ||    47
Dodge: Dodged            |   129 |    14 ||   143
